 Dungeon Crawl Stone Soup version 0.31.0-32-g396128a36d (webtiles) character file.

Game seed: 14424477023041329262

62 Zeor the Shooter (level 3, 0/30 HPs)
             Began as a Minotaur Hunter on Apr 15, 2024.
             Succumbed to a hobgoblin's poison
             ... on level 2 of the Dungeon.
             The game lasted 00:01:56 (767 turns).

Zeor the Shooter (Minotaur Hunter)                   Turns: 767, Time: 00:01:56

Health: 0/30       AC:  3    Str: 14 (15) XL:     3   Next: 85%
Magic:  2/2        EV: 12    Int:  5 (6)  God:
Gold:   79         SH:  0    Dex: 12 (15) Spells: 2/2 levels left

rFire   . . .        a - +0 shortbow
rCold   . . .        (shield currently unavailable)
rNeg    . . .        c - +0 leather armour
rPois   .            (helmet restricted)
rElec   .            (no cloak)
rCorr   .            (no gloves)
SInv    .            (no boots)
Will    .....        (no amulet)
Stlth   +            (no ring)
HPRegen 0.25/turn    (no ring)
MPRegen 0.08/turn

%: no passive effects
@: lethally poisoned (0 -> -17)
A: horns 2, retaliatory headbutt
a: no special abilities


You were on level 2 of the Dungeon.
You visited 1 branch of the dungeon, and saw 2 of its levels.

You collected 79 gold pieces.

Inventory:

Hand Weapons
 a - a +0 shortbow (weapon)
Armour
 c - a +0 leather armour (worn)
Scrolls
 b - a scroll of butterflies
Potions
 d - a potion of attraction


   Skills:
 + Level 2.8 Fighting
 + Level 5.2 Ranged Weapons
 * Level 2.0 Armour
 * Level 2.7 Dodging
 - Level 0.7 Stealth


You had 2 spell levels left.
You didn't know any spells.
Your spell library was empty.

Dungeon Overview and Level Annotations

Branches:
Dungeon (2/15)

Altars:

Shops:
D:1 :


Innate Abilities, Weirdness & Mutations

You have a pair of horns on your head.
You reflexively headbutt those who attack you in melee.


Message History

You shoot an arrow. The frilled lizard hisses angrily.
The arrow hits the hobgoblin but does no damage.
The hobgoblin is lightly wounded.
You shoot an arrow. The arrow closely misses the hobgoblin.
The hobgoblin barely misses you.
You shoot an arrow. The arrow barely misses the hobgoblin.
The hobgoblin hits you but does no damage.
You are poisoned.
You shoot an arrow.
The arrow hits the hobgoblin but does no damage.
The hobgoblin is lightly wounded.
You feel sick.
The hobgoblin hits you with a +4 dagger of venom!
You shoot an arrow.
The hobgoblin blocks the arrow with an invisible shield... and reflects it back!
The arrow barely misses you.
You feel sick. The hobgoblin closely misses you. You furiously retaliate!
You headbutt the hobgoblin.
The hobgoblin hits you with a +4 dagger of venom.
You are more poisoned.
The frilled lizard barely misses you. You furiously retaliate!
You headbutt the frilled lizard!
You kill the frilled lizard!
You shoot an arrow.
The arrow hits the hobgoblin but does no damage.
The hobgoblin is heavily wounded.
You feel very sick. The hobgoblin completely misses you.
You shoot an arrow. The arrow barely misses the hobgoblin.
You feel sick. The hobgoblin closely misses you.
You shoot an arrow.
The hobgoblin blocks the arrow with an invisible shield... and reflects it back!
The arrow barely misses you.
You feel sick.
The hobgoblin hits you with a +4 dagger of venom.
* * * LOW HITPOINT WARNING * * *
You are more poisoned.
It was a potion of degeneration.
There was something very wrong with that liquid.
You feel weakened.
You feel dopey.
You feel clumsy.
You die...

▒▒▒▒ ▒▒▒ ▒∙∙∙ ∙∙▒
▒∙▒▒∙ ▒∙▒ ▒∙▒
∙▒▒∙▒
∙▒▒▒▒▒▒▒▒▒∙▒ ∙∙∙▒
∙∙∙∙∙∙∙∙∙∙∙▒ ▒∙∙▒
▒∙∙∙∙∙∙∙∙∙▒▒▒▒†g▒
▒∙∙∙∙∙∙∙∙∙∙∙∙∙∙H▒
▒∙∙∙∙∙∙∙∙▒▒▒▒▒∙▒▒
▒▒∙∙∙∙∙∙∙∙▒ ▒∙▒
∙∙∙∙∙∙∙∙∙∙▒ ∙∙?
▒∙▒∙∙∙∙∙∙∙▒ ▒▒∙∙▒
▒∙▒▒▒▒)∙▒▒▒ ▒∙∙▒
▒∙▒▒∙∙∙∙▒ ∙∙∙▒
▒∙▒▒∙▒▒∙▒▒▒ ∙▒∙▒
▒∙▒∙∙∙∙∙∙∙▒


You could see a hobgoblin (reflecting).

Vanquished Creatures
  Jessica (D:2)
  2 adders (D:2)
  2 ball pythons
  3 endoplasms
  5 jackals (D:1)
  A quokka (D:2)
  2 frilled lizards (D:2)
  A goblin (D:2)
  A rat (D:1)
18 creatures vanquished.

Notes
Turn   | Place    | Note
-------+----------+-------------------------------------------
     0 | D:1      | Zeor the Minotaur Hunter began the quest for the Orb.
     0 | D:1      | Reached XP level 1. HP: 18/18 MP: 0/0
    87 | D:1      | Found Julihyin's Book Emporium.
   266 | D:1      | You fall into a shaft and drop 1 floor!
   304 | D:2      | Reached XP level 2. HP: 25/25 MP: 1/1
   346 | D:1      | Reached skill level 1 in Armour
   638 | D:2      | Reached skill level 5 in Ranged Weapons
   638 | D:2      | Reached XP level 3. HP: 13/30 MP: 2/2
   741 | D:2      | Noticed Jessica
   743 | D:2      | Killed Jessica
   767 | D:2      | Succumbed to a hobgoblin's poison

Illustrated notes

Levels and vault maps discovered:
D:1:      matt_arrival_debris, layout_rooms, serial_shops,
          nicolae_book_shop_shelving
D:2:      layout_loops_cross, kennysheep_generic_room_12, uniq_robin,
          uniq_jessica

Skill      XL: |  1  2  3 |
---------------+----------+-----
Armour         | 1 2 |  2.0
Ranged Weapons | 5 |  5.2
Fighting       | |  2.8
Dodging        | |  2.7
Stealth        | |  0.7

Action                     || total
---------------------------++-------
   Fire: Shortbow          ||    80
    Use: Scroll            ||     1
         Potion            ||     1
 Armour: Leather armour    ||    23
  Dodge: Dodged            ||    29
